 Seeded DCSS version 0.30.1-5-ged363bc7ee (webtiles) character file.

Game seed: 15113689061260748900 (custom seed)

2 Psyclone the Chiller (level 1, -1/10 HPs)
             Began as a Deep Elf Ice Elementalist on Sept 20, 2023.
             Killed from afar by a dart slug (3 damage)
             ... with a slug dart
             ... on level 1 of the Dungeon.
             The game lasted 00:00:12 (46 turns).

Psyclone the Chiller (Deep Elf Ice Elementalist)      Turns: 46, Time: 00:00:13

Health: -1/10      AC:  2    Str:  5    XL:     1   Next: 33%
Magic:  0/6        EV: 12    Int: 19    God:
Gold:   17         SH:  0    Dex: 15    Spells: 5/6 levels left

rFire   . . .        (no weapon)
rCold   . . .        (no shield)
rNeg    . . .        a - +0 robe
rPois   .            (no helmet)
rElec   .            (no cloak)
rCorr   .            (no gloves)
SInv    .            (no boots)
Will    .....        (no amulet)
Stlth   ++           (no ring)
HPRegen 0.21/turn    (no ring)
MPRegen 0.10/turn

%: no passive effects
@: no status effects
A: no striking features
a: no special abilities


You were on level 1 of the Dungeon.
You visited 1 branch of the dungeon, and saw 1 of its levels.

You collected 17 gold pieces.

Inventory:

Armour
 a - a +0 robe (worn)
Potions
 b - a potion of magic


   Skills:
 - Level 2.4 Dodging
 - Level 2.4 Stealth
 - Level 3.0 Spellcasting
 + Level 4.5 Ice Magic


You had 5 spell levels left.
You knew the following spells:

 Your Spells              Type           Power      Damage    Failure   Level
a - Freeze                Ice            80%        1d9       2%          1

Your spell library contained the following spells:

 Spells                   Type           Power      Damage    Failure   Level
 Frozen Ramparts          Ice            40%        1d7       7%          3
 Ozocubu's Armour         Ice            20%        N/A       7%          3
 Summon Ice Beast         Ice/Summ       11%        N/A       52%         4


Dungeon Overview and Level Annotations

Branches:
Dungeon (1/15) Zot: 5953

Altars:


Message History

The giant cockroach bites you. The goblin barely misses you.
You take 1 damage, and have 7/10 hp.
You now have 1/6 mp.
Casting: Freeze (safe; 2% risk of failure)
Confirm with . or Enter, or press ? or * to list all spells.
Aiming: Freeze (safe; 2% risk of failure)
Press: ? - help, Shift-Dir - straight line, f/p - giant cockroach
Aim: a giant cockroach (severely wounded)
You freeze the giant cockroach.
The giant cockroach is almost dead.
A dart slug comes into view.
The giant cockroach closely misses you. The goblin hits you but does no damage.
You now have 0/6 mp.
You hit the goblin.
The goblin is moderately wounded.
The giant cockroach bites you. The goblin completely misses you.
You take 1 damage, and have 7/10 hp.
You barely miss the goblin.
The goblin is moderately wounded.
The giant cockroach closely misses you. The goblin hits you with a +0 dagger.
The giant cockroach barely misses you.
You take 1 damage, and have 6/10 hp.
You hit the giant cockroach.
You kill the giant cockroach!
The goblin hits you but does no damage. The goblin attacks as you move away!
The goblin hits you with a +0 dagger. The dart slug launches a dart at you.
The slug dart hits you.
* * * LOW HITPOINT WARNING * * *
You see here a giant cockroach corpse.
You take 4 damage, and have 2/10 hp.
MASSIVE DAMAGE!!
Casting: Freeze (safe; 2% risk of failure)
Confirm with . or Enter, or press ? or * to list all spells.
Aiming: Freeze (safe; 2% risk of failure)
Press: ? - help, Shift-Dir - straight line, f - goblin
Aim: a goblin, wielding a +0 dagger You freeze the goblin!
You kill the goblin!
The dart slug launches a dart at you. The slug dart hits you.
You die...

# ### ########
#.#+###### #.# #.......
...J..$..###.# #.####..
.............##+#.#..#..
................#.'..#..
.............#....####..
.......@.....####....#..
.#######).........##...#
#.........#############
#......†..# #.........#
#.........# #.........#
#.......w.# #.........#


You could see a dart slug and an endoplasm (asleep).

Vanquished Creatures
  An endoplasm (D:1)
  A giant cockroach (D:1)
  A goblin (D:1)
3 creatures vanquished.

Notes
Turn   | Place    | Note
-------+----------+-------------------------------------------
     0 | D:1      | Psyclone the Deep Elf Ice Elementalist began the quest for
                  | the Orb.
     0 | D:1      | Reached XP level 1. HP: 10/10 MP: 6/6
    46 | D:1      | Killed from afar by a dart slug

Illustrated notes

Levels and vault maps discovered:
D:1:      dpeg_arrival_erosion, layout_basic

Action                     || total
---------------------------++-------
  Melee: Unarmed           ||     3
   Cast: Freeze            ||     7
 Armour: Robe              ||     4
  Dodge: Dodged            ||     8
